 Dungeon Crawl Stone Soup version 0.23-a0-577-g2b1de94 (webtiles) character file.

7651 XanderDroid the Cleaver (level 10, -4/138 (139) HPs)
             Began as a Minotaur Berserker on Dec 14, 2018.
             Was a High Priest of Trog.
             Slain by Snorg (12 damage)
             ... on level 10 of the Dungeon on Dec 15, 2018.
             The game lasted 00:32:49 (9608 turns).

XanderDroid the Cleaver (Minotaur Berserker)        Turns: 9608, Time: 00:32:50

HP:   -4/138 (139)  AC: 19    Str: 29      XL:     10   Next: 99%
MP:   9/9           EV: 13    Int:  4      God:    Trog [*****.]
Gold: 325           SH:  0    Dex: 13 (14) Spells: 9/9 levels left

rFire    . . .     SeeInvis .   a - +3 war axe
rCold    + . .     Gourm    .   (no shield)
rNeg     . . .     Faith    .   y - +2 chain mail {rC+}
rPois    +         Spirit   .   (helmet restricted)
rElec    .         Reflect  .   o - +2 cloak
rCorr    .         Harm     .   E - +0 pair of gloves {Dex+3}
MR       +....                  w - +0 pair of boots
Stlth    ..........             (no amulet)
HPRegen  0.33/turn              q - ring of protection from magic
MPRegen  0.11/turn              e - ring of poison resistance

@: berserking, very quick
A: retaliatory headbutt, horns 2
a: Berserk, Trog's Hand, Brothers in Arms, Renounce Religion


You were on level 10 of the Dungeon.
You worshipped Trog.
Trog was extremely pleased with you.
You were very hungry.

You visited 2 branches of the dungeon, and saw 11 of its levels.
You also visited: Sewer.

You collected 497 gold pieces.
You spent 172 gold pieces at shops.

Inventory:

Hand Weapons
 a - a +3 war axe (weapon)
 f - a +3 antimagic great sword
Missiles
 x - a throwing net (quivered)
Armour
 o - a +2 cloak (worn)
 w - a +0 pair of boots (worn)
 y - a +2 chain mail of cold resistance (worn)
 E - a +0 pair of gloves of dexterity (worn)
Jewellery
 e - a ring of poison resistance (right hand)
 m - an uncursed ring of positive energy
 q - a ring of protection from magic (left hand)
 u - an uncursed ring of resist corrosion
Scrolls
 b - 9 scrolls of teleportation
 g - 3 scrolls of remove curse
 h - 3 scrolls of fog
 j - a scroll of immolation
 n - 3 scrolls of blinking
 r - 2 scrolls of enchant weapon
 B - a scroll of torment {unknown}
 C - 2 scrolls of magic mapping
Potions
 d - 3 potions of might
 i - 7 potions of curing
 k - a potion of lignification {unknown}
 l - a potion of brilliance {unknown}
 p - a potion of resistance {unknown}
 s - a potion of berserk rage {unknown}
 t - a potion of heal wounds {unknown}
 v - 2 potions of haste
 z - a potion of agility {unknown}
 A - a potion of cancellation {unknown}
 D - a potion of flight {unknown}
 F - a potion of degeneration {unknown}
Comestibles
 c - 12 rations


   Skills:
 + Level 9.8 Fighting
 * Level 12.9 Axes
 + Level 9.4 Armour
 + Level 8.7 Dodging


You had 9 spell levels left.
You didn't know any spells.
Your spell library was empty.

Dungeon Overview and Level Annotations

Branches:
Dungeon (10/15)            Temple (1/1) D:4            Lair (0/6) D:8
    Orc (0/2) D:9

Altars:
Ashenzari
Cheibriados
Dithmenos
Elyvilon
Fedhas
Gozag
Hepliaklqana
Kikubaaqudgha
Makhleb
Nemelex Xobeh
Okawaru
Qazlal
Ru
Sif Muna
Trog
Uskayaw
Vehumet
Wu Jian
Xom
Yredelemnul
Zin
The Shining One
Beogh

Shops:
D:8 [

Annotations:
D:10 Snorg


Innate Abilities, Weirdness & Mutations

You reflexively headbutt those who attack you in melee.
You have a pair of horns on your head.


Message History

Snorg claws you. Snorg barely misses you.
A red film seems to cover your vision as you go berserk!
You feel yourself moving faster!
You feel mighty!
You are feeling very hungry.
Snorg bites you! Snorg closely misses you. Snorg misses you. Snorg bites you!
Snorg claws you but does no damage. Snorg barely misses you.
You slice Snorg!!
Snorg is moderately wounded.
Snorg bites you but does no damage. Snorg claws you.
* * * LOW HITPOINT WARNING * * *
Snorg claws you!
* * * LOW HITPOINT WARNING * * *
You slash Snorg!
Snorg is heavily wounded.
Snorg bites you!
* * * LOW HITPOINT WARNING * * *
Snorg claws you!
* * * LOW HITPOINT WARNING * * *
Snorg claws you!
You die...

#..# #.. #..# #.. #..#
#.. ###########..#
#..###......<.....####
#......#########.....#
##...## #.###.#
...#.....###########.#
#
.).....)..YT@........#
...#.....#############
##....# #..#.# ......#
#.###..# ... #..# .#
#..#


You could see Snorg (berserk) and an ice beast.

Vanquished Creatures
  2 ugly things
  2 trolls (D:9)
  2 hippogriffs (D:7)
  Eustachio (D:6)
  A basilisk (D:7)
  5 yaks
  A porcupine (D:8)
  A water moccasin (D:10)
  Purgy (Sewer)
  2 black bears
  8 orc warriors
  3 ice beasts
  2 sky beasts
  4 ogres
  2 necrophages
  4 centaurs
  2 crocodiles
  5 bullfrogs
  A big kobold (D:8)
  A scorpion (D:8)
  5 killer bees (D:7)
  5 wights (D:7)
  3 crimson imps
  A quasit (D:10)
  3 jellies
  9 orc priests
  3 hounds
  8 orc wizards
  7 worker ants
  4 iguanas
  A killer bee zombie (D:6)
  A hound zombie (D:5)
  2 hound skeletons
  A howler monkey zombie (D:5)
  A worker ant zombie (D:5)
  14 adders
  3 gnolls (D:2)
  A howler monkey skeleton (D:4)
  2 shadow imps
  2 adder zombies
  2 adder skeletons
  2 worms
  A dart slug (D:3)
  7 leopard geckos
  60 orcs
  2 ball pythons (D:3)
  13 bats
  13 giant cockroaches
  7 goblins
  12 hobgoblins
  18 jackals
  3 quokkas
  9 frilled lizards
  16 kobolds
  4 rats
295 creatures vanquished.

Vanquished Creatures (others)
  3 fungi (D:8)
  8 plants (D:8)
11 creatures vanquished.

Grand Total: 306 creatures vanquished

Notes
Turn   | Place    | Note
-------+----------+-------------------------------------------
     0 | D:1      | XanderDroid the Minotaur Berserker began the quest for the
                  | Orb.
     0 | D:1      | Reached XP level 1. HP: 19/19 MP: 0/0
    98 | D:1      | Reached XP level 2. HP: 22/27 MP: 1/1
   174 | D:1      | Reached skill level 4 in Axes
   721 | D:2      | Reached XP level 3. HP: 8/33 MP: 2/2
  1051 | D:2      | Reached XP level 4. HP: 25/40 MP: 3/3
  1342 | D:2      | Reached ** piety under Trog
  1701 | D:2      | Reached skill level 5 in Axes
  1923 | D:2      | Found an iron altar of Okawaru.
  2027 | D:3      | Reached XP level 5. HP: 47/47 MP: 4/4
  2370 | D:3      | Reached *** piety under Trog
  2636 | D:3      | Reached XP level 6. HP: 55/55 MP: 5/5
  2778 | D:4      | Found a staircase to the Ecumenical Temple.
  2786 | D:4      | Reached skill level 5 in Fighting
  2786 | D:4      | Reached skill level 6 in Axes
  2966 | D:4      | Reached XP level 7. HP: 19/61 MP: 3/6
  3016 | D:4      | Found a glowing drain.
  3139 | Sewer    | Entered a sewer
  3203 | Sewer    | Noticed Purgy
  3211 | Sewer    | Killed Purgy
  3352 | D:4      | Reached **** piety under Trog
  3714 | Temple   | Entered the Ecumenical Temple
  3911 | D:5      | Entered Level 5 of the Dungeon
  3916 | D:5      | Reached skill level 7 in Axes
  3936 | D:5      | Reached skill level 5 in Armour
  4437 | D:5      | Reached skill level 5 in Dodging
  4437 | D:5      | Reached XP level 8. HP: 47/70 MP: 5/7
  4636 | D:5      | Reached skill level 8 in Axes
  5642 | D:6      | Noticed Eustachio
  5682 | D:6      | Killed Eustachio
  5799 | D:6      | Reached skill level 9 in Axes
  6181 | D:6      | Found a burning altar of Makhleb.
  6582 | D:6      | Found a basalt altar of Yredelemnul.
  6847 | D:7      | Noticed a hippogriff
  6852 | D:7      | Reached XP level 9. HP: 78/78 MP: 8/8
  6897 | D:7      | Reached skill level 10 in Axes
  7143 | D:7      | Reached ***** piety under Trog
  7638 | D:7      | Reached skill level 11 in Axes
  7802 | D:8      | Noticed a cyan ugly thing
  7821 | D:7      | Reached XP level 10. HP: 81/89 MP: 9/9
  7830 | D:7      | Killed a cyan ugly thing
  8160 | D:8      | Found an opulent altar of Gozag.
  8174 | D:8      | Found Zeiplukao's Armour Emporium.
  8182 | D:8      | Bought a +0 pair of gloves of dexterity for 172 gold pieces
  8296 | D:8      | Found a sacrificial altar of Ru.
  8448 | D:8      | Reached skill level 12 in Axes
  8469 | D:8      | Found a staircase to the Lair.
  8938 | D:9      | Found a roughly hewn altar of Beogh.
  8938 | D:9      | Found a staircase to the Orcish Mines.
  9551 | D:10     | Entered Level 10 of the Dungeon
  9551 | D:10     | Noticed a red ugly thing
  9561 | D:10     | Killed a red ugly thing
  9585 | D:10     | Received a gift from Trog
  9586 | D:10     | Noticed Snorg
  9608 | D:10     | Slain by Snorg

Vault maps used:
D:1:      saegor_arrival_simple_d, serial_glass, glass_columns_a,
          glass_columns_c
D:2:      wad_river_or_something, corexii_corridor_pit,
          okawaru_ov_weapons_minmay
D:3:      first_ration
D:4:      minmay_temple_entry_glass, portal_sewer_entry_f
D:5:      chequers_decorated_corner
D:6:      lemuel_ice_spiral_2, nicolae_overflow_hidden_temple, kennysheep_mini,
          uniq_eustachio
D:8:      lemuel_round_altar, overflow_temple_1_default,
          minmay_lair_entry_grove, serial_shops, shop
D:9:      david_orc_5
D:10:     uniq_snorg
Temple:   regret_index_temple_mists
Sewer:    sewer_the_crocodile

Skill      XL: |  1  2  3  4  5  6  7  8  9 10 |
---------------+-------------------------------+-----
Axes           | 4 5 6 7 9 11 12 | 12.9
Fighting       | 4 5 6 7 8 9 |  9.8
Armour         | 3 4 5 6 8 9 |  9.4
Dodging        | 3 4 5 6 7 8 |  8.7

Action                   |  1- 3 |  4- 6 |  7- 9 | 10-12 || total
-------------------------+-------+-------+-------+-------++-------
Melee: Hand axe          |    46 |   201 |   115 |       ||   362
       Headbutt          |     4 |    33 |    67 |    49 ||   153
       War axe           |       |       |   265 |   207 ||   472
Invok: Berserk           |       |       |     4 |     2 ||     6
  Use: Scroll            |       |     5 |     8 |     1 ||    14
  Eat: Chunk             |       |     7 |    16 |     7 ||    30
       Ration            |       |       |     1 |       ||     1
Armor: Scale mail        |    16 |    84 |    37 |       ||   137
       Animal skin       |     2 |       |       |       ||     2
       Chain mail        |       |       |   148 |    93 ||   241
Dodge: Dodged            |    30 |   121 |   228 |   121 ||   500

Table legend:
 A = Non-vault XP
 B = Vault XP
 C = Vault XP percentage of total XP
 D = Non-vault monster count
 E = Vault monster count
 F = Vault count percentage of total count
                 A         B        C        D         E       F
            +---------+---------+-------+---------+---------+-------
      Total |    8108 |    2823 |  25.8 |     240 |      55 |  18.6
            +---------+---------+-------+---------+---------+-------
        D:1 |      26 |       0 |   0.0 |      15 |       0 |   0.0
        D:2 |     171 |      13 |   7.1 |      30 |       9 |  23.1
        D:3 |     170 |       0 |   0.0 |      39 |       0 |   0.0
        D:4 |     368 |      10 |   2.6 |      19 |       4 |  17.4
        D:5 |     626 |       0 |   0.0 |      24 |       0 |   0.0
        D:6 |     760 |     208 |  21.5 |      22 |       1 |   4.3
        D:7 |    3186 |     929 |  22.6 |      46 |       6 |  11.5
        D:8 |     582 |     809 |  58.2 |      23 |       6 |  20.7
        D:9 |    1312 |     710 |  35.1 |      18 |      23 |  56.1
       D:10 |     907 |       0 |   0.0 |       4 |       0 |   0.0
      Sewer |       0 |     144 | 100.0 |       0 |       6 | 100.0
            +---------+---------+-------+---------+---------+-------
